 Dungeon Crawl Stone Soup version 0.29-a0-557-g43b9904bd1 (webtiles) character file.

Game seed: 15849717928456896424

51 siradein the Ogre Mage (level 3, -1/37 HPs)
             Began as an Ogre Hedge Wizard on June 8, 2022.
             Slain by Sigmund
             ... wielding a +0 scythe
              (7 damage)
             ... on level 2 of the Dungeon.
             The game lasted 00:02:35 (1779 turns).

siradein the Ogre Mage (Ogre Hedge Wizard)          Turns: 1779, Time: 00:02:36

Health: -1/37      AC:  3    Str: 14    XL:     3   Next: 83%
Magic:  8/9        EV: 13    Int: 17    God:
Gold:   130        SH:  0    Dex:  8    Spells: 6/11 levels left

rFire   . . .      SeeInvis .   f - +0 spear
rCold   . . .      Faith    .   (no shield)
rNeg    . . .      Spirit   .   b - +0 robe
rPois   .          Reflect  .   c - +0 hat
rElec   .          Harm     .   (no cloak)
rCorr   .          Rampage  .   (gloves unavailable)
Will    .....                   (boots unavailable)
Stlth   +.........              (no amulet)
HPRegen 0.12/turn               g - +4 ring of evasion
MPRegen 0.11/turn               (no ring)

@: no status effects
A: large, unfitting armour, tough skin 1
a: no special abilities


You were on level 2 of the Dungeon.
You visited 1 branch of the dungeon, and saw 2 of its levels.

You collected 130 gold pieces.

Inventory:

Hand Weapons
 f - a +0 spear (weapon)
Armour
 b - a +0 robe (worn)
 c - a +0 hat (worn)
Jewellery
 g - a +4 ring of evasion (left hand)
Scrolls
 a - a scroll of noise {unknown}
 e - a scroll of immolation {unknown}
 h - 2 scrolls of blinking {unknown}
 i - a scroll of torment {unknown}
 j - a scroll of magic mapping {unknown}
 k - a scroll of vulnerability {unknown}
Potions
 d - a potion of magic


   Skills:
 + Level 3.0 Fighting
 - Level 1.7 Dodging
 - Level 1.4 Stealth
 + Level 4.5 Spellcasting
 - Level 0.8 Conjurations
 - Level 0.8 Summonings
 - Level 0.8 Translocations


You had 6 spell levels left.
You knew the following spells:

 Your Spells              Type           Power      Damage    Failure   Level
a - Magic Dart            Conj           24%        1d4       11%         1
b - Blink                 Tloc           12%        N/A       16%         2
c - Call Imp              Summ           6%         N/A       16%         2

Your spell library contained the following spells:

 Spells                   Type           Power      Damage    Failure   Level
 Slow                     Hex            12%        N/A       16%         1
 Conjure Flame            Conj/Fire      5%         6-21      36%         3
 Mephitic Cloud           Conj/Pois/Air  4%         N/A       36%         3


Dungeon Overview and Level Annotations

Branches:
Dungeon (2/15)

Altars:

Annotations:
D:2 Sigmund


Innate Abilities, Weirdness & Mutations

You are too large for most types of armour.
You have tough skin. (AC +1)


Message History

You bump into the rock wall.
The goblin misses you.
You bump into the rock wall.
Something barely misses you. The goblin completely misses you.
You bump into the rock wall.
The goblin misses you.
You hear some strange, mumbled words.
A magic dart appears from out of thin air!
The magic dart hits you. Something hits you but does no damage.
You feel less confused. The goblin attacks as you move away!
The goblin hits you but does no damage. The goblin attacks as you move away!
The goblin hits you with a +0 dagger. The goblin attacks as you move away!
The goblin hits you but does no damage.
A quokka comes into view.
You miss the goblin. The goblin hits you with a +0 dagger.
You hit the goblin.
You kill the goblin!
Something hits you. Something hits you but does no damage.
You see here a +0 dagger.
You miss something. Something barely misses you.
You barely miss something. The quokka completely misses you.
You hit something. Something hits you but does no damage.
The quokka barely misses you.
You closely miss something.
The quokka bites you but does no damage.
Something hits you!
You barely miss something. The quokka closely misses you.
The quokka barely misses you.
You miss something.
You hear some strange, mumbled words.
Something tries to affect you, but you resist.
The quokka barely misses you.
You hear a zap.
A puff of flame appears from out of thin air!
The puff of flame hits you.
* * * LOW HITPOINT WARNING * * *
You completely miss the quokka. The quokka bites you.
* * * LOW HITPOINT WARNING * * *
Something hits you!
You die...

####.######..#.#
#.......##...#.##.
#..........>......
#...#...##.#.##### .
##.###...# #.# #..## #.#
#..# #{# #..# # #@# #..#
######
##r###..######.....
#.r..........<.....<.#
....#######.##.########.
## #.##.# ## ..##.# #
##....# ## ###### #. #.


You could see a quokka.

Vanquished Creatures
  2 adders (D:2)
  2 dart slugs (D:1)
  5 bats
  3 endoplasms (D:1)
  A giant cockroach (D:2)
  3 hobgoblins (D:1)
  A quokka (D:1)
  4 ball pythons (D:1)
  3 frilled lizards (D:1)
  2 goblins
  2 kobolds (D:1)
  2 rats
30 creatures vanquished.

Notes
Turn   | Place    | Note
-------+----------+-------------------------------------------
     0 | D:1      | siradein the Ogre Hedge Wizard began the quest for the Orb.
     0 | D:1      | Reached XP level 1. HP: 16/16 MP: 5/5
   294 | D:1      | Reached skill level 1 in Fighting
   493 | D:1      | Reached XP level 2. HP: 27/27 MP: 3/6
   576 | D:1      | Reached skill level 4 in Spellcasting
   845 | D:1      | Reached XP level 3. HP: 35/35 MP: 5/8
  1307 | D:1      | Found a faded altar of an unknown god.
  1431 | D:1      | Learned a level 2 spell: Blink
  1434 | D:1      | Learned a level 2 spell: Call Imp
  1748 | D:2      | Noticed Sigmund
  1779 | D:2      | Slain by Sigmund

Illustrated notes

Levels and vault maps discovered:
D:1:      lightli_arrival_lavapool, layout_basic,
          dreamdust_ecumenical_altar_angels_and_demons, serial_bayou_ford_a
D:2:      layout_loops_ring, uniq_sigmund, uniq_crazy_yiuf_cottage

Skill      XL: |  1  2  3 |
---------------+----------+-----
Fighting       | 1 2 3 |  3.0
Spellcasting   | 4 |  4.5
Dodging        | |  1.7
Stealth        | |  1.4
Conjurations   | |  0.8
Summonings     | |  0.8
Translocations | |  0.8

Action                   || total
-------------------------++-------
Melee: Dagger            ||     9
       Spear             ||    31
 Cast: Magic Dart        ||    65
 Stab: Sleeping          ||     1
Armor: Robe              ||    20
Dodge: Dodged            ||    27

Table legend: (Time is in decaauts)
 A = Elapsed time spent in this place.
 B = Non-inter-level travel time spent in this place.
 C = Inter-level travel time spent in this place.
 D = Time resting spent in this place.
 E = Time spent auto-exploring this place.
 F = Levels seen in this place.
 G = Mean time per level.
                   A        B        C        D        E       F      G
               +--------+--------+--------+--------+--------+-----+--------+
         Total |   1792 |   1779 |     13 |     19 |   1543 |   2 |  896.0 |
       Dungeon |   1792 |   1779 |     13 |     19 |   1543 |   2 |  896.0 |
               +--------+--------+--------+--------+--------+-----+--------+

Top non-repeatable levels by time:
     D:1: 1459 daAuts
     D:2: 332 daAuts
